 Dungeon Crawl Stone Soup version 0.23.2-40-g277498a001 (webtiles) character file.

Game seed: 7692824789478750641

10584 FishyPogo the Protected (level 11, -1/101 HPs)
             Began as a Minotaur Gladiator on Aug 13, 2019.
             Was a High Priest of Okawaru.
             Slain by a yak (9 damage)
             ... on level 9 of the Dungeon.
             The game lasted 00:47:19 (12797 turns).

FishyPogo the Protected (Minotaur Gladiator)       Turns: 12797, Time: 00:47:20

Health: -1/101     AC: 13    Str: 22    XL:     11   Next: 38%
Magic:  13/13      EV: 14    Int:  5    God:    Okawaru [*****.]
Gold:   512        SH:  0    Dex: 12    Spells: 10/10 levels left

rFire    + . .     SeeInvis +   a - +4 club
rCold    . . .     Gourm    .   (no shield)
rNeg     . . .     Faith    .   g - +0 ring mail
rPois    .         Spirit   .   A - +1 hat
rElec    .         Reflect  .   u - +2 cloak {MR+}
rCorr    .         Harm     .   (no gloves)
MR       +....                  (no boots)
Stlth    +.........             (no amulet)
HPRegen  0.26/turn              c - ring of see invisible
MPRegen  0.13/turn              v - ring of protection from fire

@: no status effects
A: retaliatory headbutt, horns 2, shaggy fur 1, wild magic 1
a: Heroism, Finesse, Renounce Religion


You were on level 9 of the Dungeon.
You worshipped Okawaru.
Okawaru was extremely pleased with you.
You were very hungry.

You visited 2 branches of the dungeon, and saw 11 of its levels.

You collected 512 gold pieces.

Inventory:

Hand Weapons
 a - a +4 club (weapon)
Missiles
 b - 306 stones (quivered)
 d - 3 throwing nets
 y - 18 tomahawks
Armour
 g - a +0 ring mail (worn)
 u - a +2 cloak of magic resistance (worn)
 A - a +1 hat (worn)
 P - a +0 robe of positive energy
Jewellery
 c - a ring of see invisible (left hand)
 v - a ring of protection from fire (right hand)
 B - an uncursed ring of flight
Wands
 D - a wand of acid (18)
 E - a wand of iceblast (5)
 G - a wand of digging (13)
 H - a wand of flame (36)
 Q - a wand of clouds (6)
 R - a wand of disintegration (2)
 T - a wand of enslavement (6)
 U - a wand of paralysis (14)
Scrolls
 j - 5 scrolls of remove curse
 k - 2 scrolls of enchant weapon
 l - 5 scrolls of identify
 n - 5 scrolls of magic mapping
 p - 3 scrolls of fog
 q - 3 scrolls of blinking
 w - 9 scrolls of teleportation {unknown}
 C - a scroll of enchant armour
 J - 2 scrolls of fear {unknown}
 M - a scroll of vulnerability {unknown}
 O - a scroll of summoning {unknown}
 S - a scroll of immolation {unknown}
Potions
 e - 4 potions of heal wounds
 h - a potion of berserk rage {unknown}
 i - 2 potions of magic
 m - a potion of brilliance
 o - a potion of agility {unknown}
 r - a potion of ambrosia {unknown}
 s - a potion of haste
 t - 2 potions of lignification
 x - 2 potions of cancellation
 z - a potion of invisibility
 F - a potion of resistance
 I - 3 potions of curing
 K - a potion of might {unknown}
 N - 2 potions of degeneration {unknown}
Comestibles
 f - 20 rations


   Skills:
 * Level 10.4 Fighting
 + Level 8.8 Maces & Flails
 - Level 7.0 Throwing
 * Level 11.2 Armour
 + Level 7.0 Dodging
 + Level 4.4 Invocations
 + Level 4.0 Evocations


You had 10 spell levels left.
You didn't know any spells.
Your spell library contained the following spells:

 Spells                   Type           Power        Failure   Level  Hunger
 Magic Dart               Conj           #...         69%         1    ##.....
 Blink                    Tloc           N/A          82%         2    ###....
 Call Imp                 Summ           #.......     82%         2    ###....
 Slow                     Hex            #.......     82%         2    ###....
 Conjure Flame            Conj/Fire      #.......     96%         3    ####...
 Mephitic Cloud           Conj/Pois/Air  #.......     96%         3    ####...


Dungeon Overview and Level Annotations

Branches:
Dungeon (10/15)            Temple (1/1) D:6            Lair (0/6) D:9
    Orc (0/2) D:9

Altars:
Ashenzari
Cheibriados
Dithmenos
Elyvilon
Fedhas
Gozag
Hepliaklqana
Kikubaaqudgha
Makhleb
Okawaru
Ru
Sif Muna
Uskayaw
Vehumet
Wu Jian
Xom
Yredelemnul
Zin
The Shining One


Innate Abilities, Weirdness & Mutations

You reflexively headbutt those who attack you in melee.
You have a pair of horns on your head.
You are covered in fur. (AC +1)
Your spells are a little harder to cast, but a little more powerful.


Message History

You climb upwards.
There is a stone staircase leading down, spattered with blood here.
You hit the yak.
The yak is lightly wounded.
The yak closely misses you.
You hit the yak. You headbutt the yak!
The yak is heavily wounded.
The yak gores you.
* * * LOW HITPOINT WARNING * * *
You hit the yak.
The yak is heavily wounded.
The yak misses you. You furiously retaliate!
You headbutt the yak! You hit the yak.
The yak is almost dead.
The yak gores you!
* * * LOW HITPOINT WARNING * * *
You hit the yak.
The yak is almost dead.
The yak gores you!
You die...

#.#############
#..............
###############
################
#@Y............#
#.############.#
#.# #....#.# #.#
#....#.### #.#
#....'.... #.#
#....##.## #.#
#....##.# #.#
#....##.## #.#
#....##..#


You could see a yak.

Vanquished Creatures
  Erolcha (D:9)
  2 two-headed ogres (D:9)
  Erica (D:9)
  2 trolls (D:9)
  Prince Ribbit (D:6)
  A hippogriff (D:8)
  Sigmund (D:3)
  A wyvern (D:9)
  A hungry ghost (D:7)
  4 yaks (D:10)
  Menkaure (D:5)
  A warg (D:9)
  Duvessa (D:4)
  A black bear (D:9)
  7 orc warriors
  2 phantoms
  6 ice beasts
  3 sky beasts
  A necrophage (D:3)
  6 ogres
  5 centaurs
  2 crocodiles
  4 bullfrogs
  2 big kobolds
  Dowan (D:4)
  A water moccasin zombie (D:8)
  4 scorpions
  A wyvern skeleton (D:10)
  6 killer bees (D:7)
  3 howler monkeys
  2 jellies (D:9)
  A centaur zombie (D:9)
  2 crimson imps
  2 bullfrog zombies
  A quasit (D:6)
  7 hounds
  A bullfrog skeleton (D:6)
  2 orc priests
  Crazy Yiuf (D:3)
  A gnoll shaman (D:8)
  16 orc wizards
  Jessica (D:3)
  A centaur skeleton (D:4)
  3 iguanas
  7 worker ants
  A hound zombie (D:7)
  A howler monkey zombie (D:5)
  Robin (D:2)
  A hound skeleton (D:10)
  3 worker ant zombies
  8 adders
  19 gnolls
  4 shadow imps
  An adder zombie (D:2)
  2 adder skeletons
  4 worms
  2 dart slugs (D:2)
  5 leopard geckos
  36 orcs
  3 bat skeletons (D:2)
  A bat zombie (D:2)
  4 giant cockroaches
  15 goblins
  9 hobgoblins
  4 jackals (D:6)
  12 kobolds
  6 quokkas
  2 ball pythons (D:2)
  A ball python zombie (D:2)
  5 bats
  6 frilled lizards
  2 jackal skeletons
  A leopard gecko skeleton (D:4)
  2 leopard gecko zombies
  A quokka skeleton (D:2)
  A quokka zombie (D:2)
  5 rats
289 creatures vanquished.

Vanquished Creatures (others)
  A howler monkey skeleton (D:6)
  A quokka (D:6)
2 creatures vanquished.

Grand Total: 291 creatures vanquished

Notes
Turn   | Place    | Note
-------+----------+-------------------------------------------
     0 | D:1      | FishyPogo the Minotaur Gladiator began the quest for the
                  | Orb.
     0 | D:1      | Reached XP level 1. HP: 18/18 MP: 0/0
   383 | D:1      | Reached XP level 2. HP: 23/25 MP: 1/1
   910 | D:2      | Reached skill level 1 in Armour
   956 | D:2      | Reached XP level 3. HP: 30/30 MP: 2/2
  1003 | D:2      | Found a snail-covered altar of Cheibriados.
  1078 | D:2      | Reached skill level 2 in Armour
  1089 | D:2      | Noticed Robin
  1104 | D:2      | Killed Robin
  1104 | D:2      | Reached XP level 4. HP: 18/37 MP: 3/3
  1943 | D:3      | Noticed a necrophage
  2064 | D:3      | Reached skill level 3 in Armour
  2067 | D:3      | Reached XP level 5. HP: 38/45 MP: 4/4
  2145 | D:3      | Noticed Sigmund
  2168 | D:3      | Killed Sigmund
  2168 | D:3      | Reached skill level 4 in Armour
  2168 | D:3      | Reached XP level 6. HP: 27/52 MP: 5/5
  2312 | D:3      | Reached skill level 5 in Maces & Flails
  2537 | D:3      | Reached skill level 5 in Armour
  2559 | D:3      | Noticed Jessica
  2566 | D:3      | Killed Jessica
  2566 | D:3      | Reached XP level 7. HP: 46/59 MP: 6/6
  2839 | D:3      | Found a runed translucent door.
  2840 | D:3      | Noticed Crazy Yiuf
  2849 | D:3      | Killed Crazy Yiuf
  3334 | D:4      | Noticed Duvessa
  3334 | D:4      | Noticed Dowan
  3595 | D:4      | Reached skill level 5 in Fighting
  3595 | D:4      | Reached skill level 6 in Armour
  3782 | D:4      | Killed Duvessa
  3793 | D:4      | Killed Dowan
  3793 | D:4      | Reached XP level 8. HP: 63/67 MP: 7/7
  3938 | D:5      | Entered Level 5 of the Dungeon
  4034 | D:5      | Reached skill level 7 in Armour
  4041 | D:5      | Noticed Menkaure
  4053 | D:5      | Killed Menkaure
  4646 | D:5      | Found a blossoming altar of Fedhas.
  5537 | D:6      | Reached skill level 5 in Throwing
  5584 | D:6      | Reached skill level 8 in Armour
  5639 | D:6      | Noticed Prince Ribbit
  5905 | D:6      | Found a staircase to the Ecumenical Temple.
  5914 | Temple   | Entered the Ecumenical Temple
  5971 | Temple   | Became a worshipper of Warmaster Okawaru
  6012 | D:6      | Reached XP level 9. HP: 75/78 MP: 8/8
  6142 | D:6      | Found a white marble altar of Elyvilon.
  6227 | D:6      | Reached skill level 5 in Dodging
  6608 | D:6      | Reached skill level 1 in Invocations
  6608 | D:6      | Reached skill level 1 in Evocations
  6739 | D:6      | Killed Prince Ribbit
  6739 | D:6      | Reached * piety under Okawaru
  7089 | D:7      | Reached skill level 9 in Armour
  7334 | D:7      | Found a snail-covered altar of Cheibriados.
  7488 | D:7      | Found a radiant altar of Vehumet.
  7586 | D:7      | Reached ** piety under Okawaru
  8234 | D:8      | Reached XP level 10. HP: 87/89 MP: 10/10
  8576 | D:8      | Reached *** piety under Okawaru
  8697 | D:8      | Gained mutation: You are covered in fur. (AC +1) [potion of
                  | mutation]
  8697 | D:8      | Gained mutation: You tend to lose your temper in combat.
                  | [potion of mutation]
  8697 | D:8      | Lost mutation: You tend to lose your temper in combat.
                  | [potion of mutation]
  8697 | D:8      | Gained mutation: Your spells are a little harder to cast,
                  | but a little more powerful. [potion of mutation]
  9854 | D:8      | Reached skill level 10 in Armour
  9961 | D:9      | Noticed a two-headed ogre
  9962 | D:9      | Noticed Erica
  9996 | D:9      | Killed a two-headed ogre
 10003 | D:9      | Killed Erica
 10003 | D:9      | Reached **** piety under Okawaru
 10339 | D:9      | Found a staircase to the Orcish Mines.
 10452 | D:9      | Noticed Erolcha
 10470 | D:9      | Killed Erolcha
 10470 | D:9      | Reached XP level 11. HP: 87/99 MP: 12/12
 10573 | D:9      | Reached skill level 10 in Fighting
 11500 | D:9      | Found a staircase to the Lair.
 11886 | D:10     | Entered Level 10 of the Dungeon
 12133 | D:10     | Noticed a two-headed ogre
 12148 | D:10     | Reached ***** piety under Okawaru
 12148 | D:10     | Reached skill level 11 in Armour
 12168 | D:9      | Killed a two-headed ogre
 12797 | D:9      | Slain by a yak

Skill      XL: |  1  2  3  4  5  6  7  8  9 10 11 |
---------------+----------------------------------+-----
Dodging        | 4 5 6 7 |  7.0
Armour         | 1 2 3 4 5 6 8 9 10 11 | 11.2
Maces & Flails | 4 5 6 7 8 |  8.8
Fighting       | 3 4 5 7 8 9 10 | 10.4
Throwing       | 3 4 5 6 7 |  7.0
Invocations    | 2 3 4 |  4.4
Evocations     | 2 3 4 |  4.0

Action                   |  1- 3 |  4- 6 |  7- 9 | 10-12 || total
-------------------------+-------+-------+-------+-------++-------
Melee: Flail             |    85 |     2 |       |       ||    87
       Headbutt          |     8 |    16 |    88 |   100 ||   212
       Club              |       |   121 |   410 |   417 ||   948
       Punch             |       |       |     2 |     5 ||     7
Throw: Stone             |       |    27 |    85 |   137 ||   249
       Tomahawk          |       |       |    45 |     6 ||    51
       Throwing net      |       |       |     2 |       ||     2
Invok: Heroism           |       |       |     1 |     1 ||     2
  Use: Scroll            |       |       |     7 |     6 ||    13
       Potion            |       |       |       |     2 ||     2
 Stab: Held in net/web   |       |       |     1 |       ||     1
  Eat: Chunk             |     1 |     4 |    21 |    14 ||    40
Armor: Leather armour    |     6 |       |       |       ||     6
       Ring mail         |     8 |    44 |   123 |   111 ||   286
Dodge: Dodged            |    56 |    78 |   234 |   277 ||   645
